 Dungeon Crawl Stone Soup version 0.23.0-3-gf3c87f2df8 (webtiles) character file.

Game seed: 14226290040480656572

23 Ivernyr the Insei (level 3, -5/18 HPs)
             Began as a Vine Stalker Transmuter on Feb 21, 2019.
             Slain by a gnoll (6 damage)
             ... on level 1 of the Dungeon.
             The game lasted 00:08:28 (1487 turns).

Ivernyr the Insei (Vine Stalker Transmuter)         Turns: 1487, Time: 00:08:29

Health: -5/18      AC:  2    Str: 12    XL:     3   Next: 0%
Magic:  0/7        EV: 19    Int: 14    God:
Gold:   54         SH:  0    Dex: 19    Spells: 0/6 levels left

rFire    . . .     SeeInvis .     - Unarmed
rCold    . . .     Gourm    +   (shield currently unavailable)
rNeg     . . .     Faith    .   (armour currently unavailable)
rPois    x         Spirit   +   (helmet currently unavailable)
rElec    .         Reflect  .   (cloak currently unavailable)
rCorr    .         Harm     .   (gloves currently unavailable)
MR       .....                  (boots currently unavailable)
Stlth    ++........             f - amulet of the gourmand
HPRegen  0.06/turn              (no ring)
MPRegen  0.10/turn              (no ring)

@: spider-form
A: tiny, magic shield, no potion heal 3, rot immunity
a: End Transformation


You were on level 1 of the Dungeon.
You were not hungry.
You were a venomous arachnid creature.
You visited 1 branch of the dungeon, and saw 2 of its levels.

You collected 54 gold pieces.

Inventory:

Missiles
 a - 30 arrows
Armour
 b - a +0 robe (melded)
 e - a +0 cloak (melded)
Jewellery
 f - an amulet of the gourmand (around neck)
Potions
 c - 3 potions of agility {unknown}
Comestibles
 d - a ration


   Skills:
 + Level 1.3 Fighting
 + Level 1.8 Dodging
 - Level 3.0 Unarmed Combat
 + Level 2.4 Spellcasting
 * Level 2.6 Transmutations


You couldn't memorise any spells.
You knew the following spells:

 Your Spells              Type           Power        Failure   Level  Hunger
a - Beastly Appendage     Tmut           #.....       21%         1    #......
b - Sticks to Snakes      Tmut           #.......     28%         2    ###....
c - Spider Form           Tmut/Pois      #.........   58%         3    ###....

Your spell library contained the following spells:

 Spells                   Type           Power        Failure   Level  Hunger
 Ice Form                 Ice/Tmut       #.......     91%         4    #####..
 Blade Hands              Tmut           #.........   98%         5    ######.


Dungeon Overview and Level Annotations

Branches:
Dungeon (2/15)

Altars:


Innate Abilities, Weirdness & Mutations

((You have extremely sharp teeth.))
When hurt, damage is shared between your health and your magic reserves.
((Your bite disrupts and absorbs the magic of your enemies.))
Potions cannot restore your health.
You are immune to rotting.


Message History

You bite the gnoll, but do no damage.
The gnoll is heavily wounded.
The gnoll closely misses you. The gnoll barely misses you.
You aren't carrying any scrolls.
You eat one of the 2 rations.
That ration really hit the spot!
Your transformation is almost over.
The gnoll hits you with a +0 club.
* * * LOW HITPOINT WARNING * * *
The gnoll hits you but does no damage.
Casting: Beastly Appendage (safe; 8% risk of failure)
Confirm with . or Enter, or press ? or * to list all spells.
Your talons disappear.
You turn into a venomous arachnid creature.
Your +0 cloak melds into your body.
Your +0 robe melds into your body.
The gnoll misses you. The gnoll hits you.
* * * LOW HITPOINT WARNING * * *
You hit the gnoll.
The gnoll is heavily wounded.
The gnoll barely misses you. The gnoll hits you.
You die...

######### #### #.......# #...
#.#####.# ######## #... #.#
#.######....).####... #.#
#.##sg...P.P♣........
###.#####.##g#..PP.♣P....#...
#...............P♣♣♣P....#...
#.......#......PP♣..P....#...
#####.......###.....P♣.P.....#...
#..##.............P♣♣...####.....
.P..+...(..######P.PP..## ###...
♣.♣P.....>........♣.P### ####
♣♣♣♣.................#########


You could see 2 gnolls.

Vanquished Creatures
  An ooze (D:1)
  3 giant cockroaches (D:1)
  2 goblins (D:1)
  3 hobgoblins (D:1)
  4 kobolds (D:1)
  A frilled lizard (D:1)
  4 rats (D:1)
  A bush (D:1)
19 creatures vanquished.

Notes
Turn   | Place    | Note
-------+----------+-------------------------------------------
     0 | D:1      | Ivernyr the Vine Stalker Transmuter began the quest for the
                  | Orb.
     0 | D:1      | Reached XP level 1. HP: 9/9 MP: 4/4
   417 | D:1      | Reached skill level 1 in Fighting
   518 | D:1      | Reached XP level 2. HP: 12/14 MP: 6/6
   548 | D:1      | Learned a level 2 spell: Sticks to Snakes
  1005 | D:1      | Reached XP level 3. HP: 17/18 MP: 7/7
  1011 | D:1      | Learned a level 3 spell: Spider Form
  1487 | D:1      | Slain by a gnoll

Skill      XL: |  1 |
---------------+----+-----
Fighting       | 1 |  1.3
Dodging        | |  1.8
Unarmed Combat | |  3.0
Spellcasting   | |  2.4
Transmutations | |  2.6

Action                   || total
-------------------------++-------
Melee: Unarmed           ||   160
       Bite              ||    50
       Punch             ||     2
       Kick              ||     9
 Cast: Spider Form       ||     2
       Beastly Appendage ||     2
  Eat: Ration            ||     1
Armor: Robe              ||     8
Dodge: Dodged            ||    37
